 Dungeon Crawl Stone Soup version 0.30-a0-42-g806c11bf1d (webtiles) character file.

Game seed: 5644191681489384463

144 Newt the Trooper (level 5, -4/42 HPs)
             Began as a Demonspawn Gladiator on Aug 30, 2022.
             Killed from afar by Ijyb (17 damage)
             ... with a bolt of dispelling energy
             ... on level 3 of the Dungeon.
             The game lasted 00:05:55 (2496 turns).

Newt the Trooper (Demonspawn Gladiator)             Turns: 2496, Time: 00:05:55

Health: -4/42      AC:  7    Str: 17    XL:     5   Next: 5%
Magic:  5/5        EV: 12    Int:  9    God:
Gold:   148        SH:  0    Dex: 14    Spells: 4/4 levels left

rFire   . . .      SeeInvis .    f - +0 falchion (freeze)
rCold   . . .      Faith    .    (no shield)
rNeg    . . .      Spirit   .    b - +0 leather armour
rPois   .          Reflect  .    c - +0 helmet
rElec   .          Harm     .    g - +0 cloak
rCorr   .          Rampage  .    (no gloves)
Will    .....                    (no boots)
Stlth   ++........               (no amulet)
HPRegen 0.14/turn                (no ring)
MPRegen 0.09/turn                (no ring)

@: no status effects
A: claws 1, icy blue scales 1, foul stench 1
a: no special abilities


You were on level 3 of the Dungeon.
You visited 1 branch of the dungeon, and saw 3 of its levels.

You collected 148 gold pieces.

Inventory:

Hand Weapons
 a - a +1 rapier
 f - a +0 falchion of freezing (weapon)
Missiles
 d - 2 throwing nets (quivered)
 e - a javelin
 i - 4 curare-tipped darts
 k - 5 poisoned darts
Armour
 b - a +0 leather armour (worn)
 c - a +0 helmet (worn)
 g - a +0 cloak (worn)
Scrolls
 l - 2 scrolls of enchant weapon
Potions
 h - a potion of invisibility
 j - a potion of haste
 m - 2 potions of berserk rage
 n - a potion of degeneration {unknown}
 o - a potion of curing {unknown}


   Skills:
 - Level 4.0 Fighting
 - Level 2.7(3.1) Short Blades
 + Level 2.1(2.7) Long Blades
 - Level 1.7 Throwing
 - Level 2.6 Dodging
 - Level 2.0 Stealth


You had 4 spell levels left.
You didn't know any spells.
Your spell library contained the following spells:

 Spells                   Type           Power      Damage    Failure   Level
 Iskenderun's Battlesphe  Conj           0%         2d6       100%        5
 Iron Shot                Conj/Erth      0%         9d1       100%        6
 Spellforged Servitor     Conj/Summ      0%         N/A       100%        7


Dungeon Overview and Level Annotations

Branches:
Dungeon (3/15)

Altars:

Annotations:
D:3 Ijyb


Innate Abilities, Weirdness & Mutations

You have sharp fingernails.
You are partially covered in icy blue scales. (AC +2)
You may rarely emit foul miasma when damaged in melee.


Message History

HP restored.
You enter the shallow water.
Moving in this stuff is going to be slow.
You open the door.
There is an open door here.
Ijyb the Twisted Goblin comes into view.
She is wielding a +1 dagger of speed and carrying a wand of quicksilver (9).
Ijyb is nearby!
Ijyb is nearby!
Ijyb is nearby!
Ijyb shouts!
You hear a shout! x2
You hit Ijyb. You freeze Ijyb.
Ijyb is lightly wounded.
Ijyb screams, "Get away!"
Ijyb hits you but does no damage.
Ijyb hits you with a +1 dagger of speed.
You barely miss Ijyb.
Ijyb is lightly wounded.
Ijyb misses you.
Ijyb hits you with a +1 dagger of speed.
You hit Ijyb but do no damage.
Ijyb is lightly wounded.
Ijyb hits you with a +1 dagger of speed.
A gnoll comes into view.
It is wielding a +1 spear of distortion.
Ijyb screams, "Die!"
Ijyb closely misses you.
You closely miss Ijyb.
Ijyb is lightly wounded.
Ijyb completely misses you.
Ijyb screams, "Get away!"
Ijyb zaps a wand.
The bolt of dispelling energy hits you.
Unknown command.
Ijyb zaps a wand.
The bolt of dispelling energy hits you. Ijyb screams, "Me stronger than you!"
Ijyb zaps a wand.
The bolt of dispelling energy misses you.
Ijyb zaps a wand.
The bolt of dispelling energy hits you!
Ijyb zaps a wand.
The bolt of dispelling energy hits you.
* * * LOW HITPOINT WARNING * * *
Ijyb zaps a wand.
The bolt of dispelling energy hits you!
You die...

..⌠...# #.... ..#
......### ###.. ..#
......... #####. .#
..#.##### ....# #.#
.. ....# #g#########
####....= ..
#.#........ ......
..
#.#'#############..#
#+
........gg......@..#
......############.#
......######### #.#
#.............# #.#
#############.# #.+
# #.# #.# ###+####
#.####.# #.....#.
#.#....# #..$..#.
#.#.##.# +.$.?.'.


You could see Ijyb.

Vanquished Creatures
  2 orc wizards (D:3)
  2 adders (D:3)
  2 worms
  2 dart slugs (D:1)
  4 orcs (D:3)
  7 endoplasms
  A giant cockroach (D:1)
  5 goblins
  7 hobgoblins
  3 quokkas
  8 ball pythons
  5 bats
  8 frilled lizards
  2 kobolds (D:3)
  4 rats (D:1)
62 creatures vanquished.

Notes
Turn   | Place    | Note
-------+----------+-------------------------------------------
     0 | D:1      | Newt the Demonspawn Gladiator began the quest for the Orb.
     0 | D:1      | Reached XP level 1. HP: 16/16 MP: 1/1
   140 | D:1      | Reached skill level 1 in Stealth
   263 | D:1      | Gained mutation: You are partially covered in icy blue
                  | scales. (AC +2) [demonic ancestry]
   263 | D:1      | Reached XP level 2. HP: 19/22 MP: 2/2
   730 | D:1      | Reached XP level 3. HP: 20/28 MP: 3/3
  1253 | D:2      | Reached skill level 3 in Fighting
  1722 | D:3      | Found a faded altar of an unknown god.
  1937 | D:3      | Reached skill level 4 in Fighting
  1937 | D:3      | Gained mutation: You may rarely emit foul miasma when
                  | damaged in melee. [demonic ancestry]
  1937 | D:3      | Reached XP level 4. HP: 20/37 MP: 4/4
  2273 | D:3      | Reached skill level 1 in Long Blades
  2403 | D:3      | Gained mutation: You have sharp fingernails. [demonic
                  | ancestry]
  2403 | D:3      | Reached XP level 5. HP: 36/42 MP: 5/5
  2468 | D:3      | Noticed Ijyb
  2496 | D:3      | Killed from afar by Ijyb

Illustrated notes

Levels and vault maps discovered:
D:1:      lordsloth_arrival_two_stooges, layout_loops_ring, minmay_lizard_pond
D:2:      layout_basic
D:3:      layout_basic, portal_sewer_entry_d, basic_ecumenical_altar,
          solitary_fountain, grunt_decor_junction, minmay_quadrilaterals,
          uniq_ijyb

Skill      XL: |  1  2  3  4 |
---------------+-------------+-----
Stealth        | 1 2 |  2.0
Fighting       | 4 |  4.0
Long Blades    | 2 |  2.1
Short Blades   | |  2.7
Throwing       | |  1.7
Dodging        | |  2.6

Action                   |  1- 3 |  4- 6 || total
-------------------------+-------+-------++-------
Melee: Rapier            |   144 |     8 ||   152
       Falchion          |       |    40 ||    40
       Punch             |       |     1 ||     1
Throw: Throwing net      |     2 |     1 ||     3
       Dart              |       |     3 ||     3
  Use: Scroll            |     8 |       ||     8
       Potion            |     1 |       ||     1
 Stab: Sleeping          |     7 |     1 ||     8
       Held in net/web   |     1 |       ||     1
Armor: Leather armour    |    37 |    15 ||    52
Dodge: Dodged            |    77 |    26 ||   103

Table legend: (Time is in decaauts)
 A = Elapsed time spent in this place.
 B = Non-inter-level travel time spent in this place.
 C = Inter-level travel time spent in this place.
 D = Time resting spent in this place.
 E = Time spent auto-exploring this place.
 F = Levels seen in this place.
 G = Mean time per level.
                   A        B        C        D        E       F      G
               +--------+--------+--------+--------+--------+-----+--------+
         Total |   2522 |   2465 |     57 |    250 |   1483 |   3 |  840.7 |
       Dungeon |   2522 |   2465 |     57 |    250 |   1483 |   3 |  840.7 |
               +--------+--------+--------+--------+--------+-----+--------+

Top non-repeatable levels by time:
     D:1: 1025 daAuts
     D:3: 832 daAuts
     D:2: 664 daAuts
